 Dungeon Crawl Stone Soup version 0.16.2-12-gd0ad4c3 (webtiles) character file.

7995 Luxac the Fighter (level 11, -4/156 HPs)
             Began as a Minotaur Fighter on Oct 3, 2015.
             Was a Follower of Ru.
             Slain by a ten-headed hydra (10 damage)
             ... on level 2 of the Lair of Beasts.
             The game lasted 00:28:39 (10455 turns).

Luxac the Fighter (Minotaur Fighter)               Turns: 10455, Time: 00:28:39

Health: -4/156     AC: 13    Str: 29    XL:     11   Next: 4%
Magic:  4/4        EV: 11    Int:  5    God:    Ru [*.....]
Gold:   581        SH:  0    Dex: 10    Spells: 0 memorised, 10 levels left

rFire  . . .     SeeInvis .     o - +2 lajatang (drain)
rCold  . . .     Clarity  .     j - +0 plate armour
rNeg   + . .     SustAb   .     (no shield)
rPois  .         Gourm    .     (helmet restricted)
rElec  .         Spirit   .     k - +0 cloak (curse)
rCorr  .         Warding  +     (no gloves)
rMut   .         Stasis   .     (no boots)
MR     .....                    z - amulet of warding
Stlth  ..........               u - ring of stealth
                                q - ring of stealth

@: berserking, very quick, not resistant to hostile enchantments, extremely
unstealthy
A: retaliatory headbutt, horns 2, molten scales 1, mutation resistance 1, no
earth magic, no necromancy magic, no summoning magic, disrupted magic 1,
MP-powered wands 1
a: Renounce Religion


You were on level 2 of the Lair of Beasts.
You worshipped Ru.
Ru was aware of your devotion.
You were not hungry.

You visited 2 branches of the dungeon, and saw 10 of its levels.

You collected 581 gold pieces.

Inventory:

Hand weapons
 o - a +2 lajatang of draining (weapon)
Armour
 j - a +0 plate armour (worn)
 k - a cursed +0 cloak (worn)
Jewellery
 q - a ring of stealth (left hand)
 t - a cursed ring of fire
 u - a ring of stealth (right hand)
 z - an amulet of warding (around neck)
Magical devices
 x - a wand of teleportation (0)
 y - a wand of teleportation (6)
 A - a wand of fireball (7)
 B - a wand of fire (5)
Scrolls
 a - 2 scrolls of remove curse
 h - 4 scrolls of amnesia
 l - 2 scrolls of teleportation
 r - a scroll of summoning
 C - a scroll of identify
Potions
 c - 2 potions of flight
 d - a potion of invisibility
 e - 4 potions of might
 f - a potion of cancellation
 g - 3 potions of cure mutation
 m - 3 potions of curing
 w - a potion of haste {unknown}
Books
 v - a book of Fire

   Spells                             Type                      Level
   a - Ignite Poison                  Fire/Transmutation           5
   b - Fireball                       Conjuration/Fire             5
   c - Bolt of Fire                   Conjuration/Fire             6
   d - Delayed Fireball               Conjuration/Fire             7
   e - Ring of Flames                 Charms/Fire                  7
Comestibles
 b - 6 fruits
 n - 7 bread rations
 p - 5 meat rations


   Skills:
 - Level 12.1 Fighting
   Level 7.2(9.8) Polearms
 - Level 10.3(11.2) Staves
 - Level 3.9 Armour
 * Level 9.9 Dodging
   Level 3.6 Shields
 + Level 0.4 Evocations


You had 10 spell levels left.
You didn't know any spells.

Dungeon Overview and Level Annotations

Branches:
Dungeon (8/15)             Temple (0/1) D:6            Lair (2/8) D:8

Altars:
Dithmenos
Gozag
Qazlal
Ru
Trog
Vehumet
Xom
The Shining One

Annotations:
Abyss:1 Robin


Innate Abilities, Weirdness & Mutations

You reflexively headbutt those who attack you in melee.
You have a pair of horns on your head.
You cannot study or cast Earth magic.
You cannot study or cast Necromancy magic.
You cannot study or cast Summoning magic.
Your casting is slightly disrupted.
You are partially covered in molten scales (AC +1).
You are somewhat resistant to further mutation.
You expend magic power (3 MP) to slightly strengthen your wands.


Message History

* * * LOW HITPOINT WARNING * * *
The ten-headed hydra closely misses you.
The ten-headed hydra misses you.
You feel much better. The ten-headed hydra bites you.
The ten-headed hydra bites you. The ten-headed hydra bites you!
* * * LOW HITPOINT WARNING * * *
The ten-headed hydra bites you.
* * * LOW HITPOINT WARNING * * *
The ten-headed hydra bites you but does no damage. x2
The ten-headed hydra bites you!
* * * LOW HITPOINT WARNING * * *
The ten-headed hydra bites you.
* * * LOW HITPOINT WARNING * * *
The ten-headed hydra bites you but does no damage.
The ten-headed hydra bites you.
* * * LOW HITPOINT WARNING * * *
A red film seems to cover your vision as you go berserk!
You feel yourself moving faster!
You feel mighty! The ten-headed hydra bites you!
You die...

... ......# P.
.P.#..#. #.
......... ##.##
........ #P..#
.#.#P.... #...#
...##...... ##..#
#........... #.D##
##...........
##@.## ...........#
#....##........#...
#...###..#.#....#..
##..##
###...#......
##..##
#.#.##..>....
##....#
#.......P...<
##..####
##......#..... #
#..##
####...#...#.....
#.#†##
#.##...##.......#


You could see a ten-headed hydra.

Vanquished Creatures
  2 komodo dragons
  4 spiny frogs (Lair:1)
  A two-headed ogre (D:8)
  A spriggan (D:7)
  2 hungry ghosts (D:8)
  6 yaks (D:8)
  2 wyverns
  4 hippogriffs
  4 wolves (Lair:1)
  Menkaure (D:5)
  2 porcupines
  2 water moccasins (Lair:1)
  2 black bears
  A phantom (D:8)
  3 ogres
  2 crocodiles (Lair:1)
  4 centaurs
  Sigmund (D:3)
  7 giant frogs
  A big kobold (D:8)
  3 scorpions
  4 vampire bats (D:8)
  5 wights
  2 crimson imps (D:5)
  A centaur zombie (D:5)
  A giant frog zombie (D:6)
  2 goliath beetles
  An orc priest (D:6)
  2 centaur skeletons (D:8)
  A gnoll shaman (D:7)
  2 hounds
  7 orc wizards
  6 sheep (Lair:2)
  A killer bee zombie (D:8)
  A worker ant (D:8)
  A mummy (D:8)
  A hound zombie (D:8)
  4 gnolls (D:7)
  2 shadow imps
  6 river rats (Lair:1)
  17 adders
  2 giant mites
  2 adder zombies
  An adder skeleton (D:5)
  3 giant geckos
  2 oozes
  21 orcs
  23 bats
  2 bat skeletons
  5 giant cockroaches
  13 goblins
  15 hobgoblins
  A jackal (D:3)
  16 kobolds
  5 quokkas
  4 giant newts
  A quokka skeleton (D:5)
  21 rats
  A ballistomycete (D:6)
  A plant (D:8)
261 creatures vanquished.

Vanquished Creatures (others)
  An ogre (D:6)
  2 crimson imps
  A centaur skeleton (D:7)
  An orc wizard (D:7)
  A worker ant (D:7)
  A sheep (Lair:2)
  3 gnolls (D:7)
  An orc (D:7)
  A hobgoblin (D:7)
  A giant spore (D:6)
  A rat (D:7)
  4 plants (D:8)
18 creatures vanquished.

Grand Total: 279 creatures vanquished

Notes
Turn   | Place    | Note
--------------------------------------------------------------
     0 | D:1      | Luxac, the Minotaur Fighter, began the quest for the Orb.
     0 | D:1      | Reached XP level 1. HP: 19/19 MP: 1/1
   357 | D:1      | Reached XP level 2. HP: 27/27 MP: 1/1
   682 | D:2      | Reached XP level 3. HP: 33/33 MP: 2/2
   701 | D:2      | Found a shadowy altar of Dithmenos.
   716 | D:2      | Reached skill level 4 in Polearms
  1026 | D:2      | Found an opulent altar of Gozag.
  1129 | D:3      | Found a sacrificial altar of Ru.
  1131 | D:3      | Reached skill level 5 in Polearms
  1131 | D:3      | Reached XP level 4. HP: 40/40 MP: 2/2
  1591 | D:3      | Became a worshipper of Ru the Awakened
  1645 | D:3      | Noticed Sigmund
  1658 | D:3      | Killed Sigmund
  1658 | D:3      | Reached skill level 6 in Polearms
  1658 | D:3      | Reached XP level 5. HP: 27/46 MP: 2/2
  1816 | D:3      | Noticed an ogre
  1821 | D:3      | Killed an ogre
  1821 | D:3      | Reached skill level 7 in Polearms
  1972 | D:3      | Reached skill level 1 in Staves
  1972 | D:3      | Reached XP level 6. HP: 52/52 MP: 3/3
  2157 | D:3      | Noticed Robin
  2512 | D:3      | Banished Robin
  2572 | D:3      | Found a radiant altar of Vehumet.
  2572 | D:3      | Found a bloodstained altar of Trog.
  2575 | D:3      | Gained mutation: You expend magic power (3 MP) to slightly strengthen your wands. [potion of mutation]
  2575 | D:3      | Gained mutation: You are partially covered in molten scales (AC +1). [potion of mutation]
  2575 | D:3      | Gained mutation: You are somewhat resistant to further mutation. [potion of mutation]
  2836 | D:4      | Gained mutation: You cannot study or cast Earth magic. [Ru sacrifice]
  2836 | D:4      | Gained mutation: You cannot study or cast Necromancy magic. [Ru sacrifice]
  2836 | D:4      | Gained mutation: You cannot study or cast Summoning magic. [Ru sacrifice]
  2836 | D:4      | Acquired Ru's first power
  3780 | D:4      | Found a stormy altar of Qazlal.
  3934 | D:5      | Entered Level 5 of the Dungeon
  4223 | D:5      | Found a glowing golden altar of the Shining One.
  4336 | D:5      | Reached skill level 5 in Staves
  4336 | D:5      | Reached XP level 7. HP: 58/58 MP: 3/3
  4341 | D:5      | Noticed a wyvern
  4347 | D:5      | Killed a wyvern
  4869 | D:5      | Noticed Menkaure
  4874 | D:5      | Killed Menkaure
  5132 | D:5      | Reached skill level 8 in Staves
  5140 | D:5      | Gained mutation: Your casting is slightly disrupted. [Ru sacrifice]
  5239 | D:5      | Reached XP level 8. HP: 60/66 MP: 3/3
  5284 | D:6      | Found a glowing golden altar of the Shining One.
  5459 | D:6      | Reached skill level 9 in Staves
  5977 | D:6      | Found a staircase to the Ecumenical Temple.
  6179 | D:6      | Reached skill level 10 in Staves
  6307 | D:7      | Found a shimmering altar of Xom.
  6329 | D:7      | Reached skill level 5 in Fighting
  6727 | D:7      | Reached XP level 9. HP: 76/79 MP: 4/4
  7729 | D:8      | Reached skill level 10 in Fighting
  7743 | D:8      | Reached skill level 11 in Fighting
  8123 | D:8      | Reached skill level 12 in Fighting
  8184 | D:8      | Reached XP level 10. HP: 63/97 MP: 4/4
  8390 | D:8      | Reached skill level 1 in Dodging
  8492 | D:8      | Found a staircase to the Lair.
  8494 | D:8      | Noticed a komodo dragon
  8580 | D:8      | Killed a komodo dragon
  8655 | Lair:1   | Entered Level 1 of the Lair of Beasts
  8673 | Lair:1   | Reached skill level 5 in Dodging
 10080 | Lair:2   | Reached XP level 11. HP: 46/104 MP: 4/4
 10443 | Lair:2   | Noticed an eight-headed hydra
 10451 | Lair:2   | HP: 5/104 [ten-headed hydra (6)]
 10455 | Lair:2   | Slain by a ten-headed hydra

Action                   |  1- 3 |  4- 6 |  7- 9 | 10-12 || total
-------------------------+-------+-------+-------+-------++-------
Melee: Trident           |    73 |    34 |       |       ||   107
       Lajatang          |       |   174 |   259 |   180 ||   613
Invok: Sacrifice Arcana  |       |     1 |       |       ||     1
       Sacrifice Essence |       |       |     1 |       ||     1
       Reject Sacrifices |       |       |     1 |       ||     1
Evoke: Wand              |       |       |       |     1 ||     1
  Use: Scroll            |     6 |     5 |     6 |     2 ||    19
       Potion            |       |     5 |     3 |     6 ||    14
 Stab: Paralysed         |       |     1 |       |       ||     1
       Distracted        |       |     1 |       |       ||     1
  Eat: Bread ration      |       |     1 |     1 |     1 ||     3
       Chunk             |       |     4 |     9 |     1 ||    14
       Fruit             |       |     1 |       |       ||     1
       Meat ration       |       |       |       |     1 ||     1
